 Dungeon Crawl Stone Soup version 0.29.0-4-gdea44cf6ec (webtiles) character file.

Game seed: 7975886018076820605

3090 qw the Cleaver (level 9, -1/79 (81) HPs)
             Began as a Minotaur Berserker on Sept 4, 2022.
             Was a Priest of Trog.
             Slain by a sky beast (5 damage)
             ... on level 7 of the Dungeon.
             The game lasted 00:02:08 (6360 turns).

qw the Cleaver (Minotaur Berserker)                 Turns: 6360, Time: 00:02:09

HP:   -1/79 (81)    AC: 11    Str: 26    XL:     9   Next: 59%
MP:   8/8           EV: 11    Int:  4    God:    Trog [***...]
Gold: 216           SH:  0    Dex: 10    Spells: 8/8 levels left

rFire   . . .      SeeInvis +   Y - +1 war axe
rCold   . . .      Faith    .   (no shield)
rNeg    . . .      Spirit   .   e - +0 swamp dragon scales
rPois   +          Reflect  .   (helmet restricted)
rElec   .          Harm     .   o - +0 cloak
rCorr   .          Rampage  .   (no gloves)
Will    .....                   i - +1 pair of boots
Stlth   ..........              (no amulet)
HPRegen 0.23/turn               k - ring of see invisible
MPRegen 0.11/turn               (no ring)

@: on berserk cooldown, slowed, lightly drained, very slow
A: horns 2, retaliatory headbutt
a: Renounce Religion, Berserk, Trog's Hand


You were on level 7 of the Dungeon.
You worshipped Trog.
Trog was most pleased with you.
You visited 1 branch of the dungeon, and saw 7 of its levels.

You collected 373 gold pieces.
You spent 157 gold pieces at shops.


Innate Abilities, Weirdness & Mutations

You have a pair of horns on your head.
You reflexively headbutt those who attack you in melee.


   Skills:
 - Level 8.0 Fighting
 + Level 13.6 Axes
 - Level 3.0 Throwing
 - Level 4.0 Armour
 - Level 3.1 Dodging


You had 8 spell levels left.
You didn't know any spells.
Your spell library was empty.

Inventory:

Hand Weapons
 l - a +2 whip of venom
 Y - a +1 war axe (weapon)
Missiles
 j - a boomerang (quivered)
Armour
 b - a +0 chain mail
 e - +0 swamp dragon scales (worn)
 i - a +1 pair of boots (worn)
 o - a +0 cloak (worn)
Jewellery
 k - a ring of see invisible (left hand)
Scrolls
 g - a scroll of identify
Potions
 c - a potion of haste
 f - 3 potions of curing
 h - a potion of mutation {unknown}
 n - a potion of cancellation

Dungeon Overview and Level Annotations

Branches:
Dungeon (7/15)
 Temple: D:4-7

Altars:
Cheibriados
Elyvilon
Fedhas
Kikubaaqudgha

Shops:
D:2 *   D:3 ?

Annotations:
D:5 1 runed translucent door


Message History

The iguana hisses menacingly.
The hound bites you.
You closely miss the black bear. You headbutt the black bear!
The black bear is heavily wounded.
You closely miss the hound. The hound barely misses you.
You furiously retaliate!
You headbutt the hound.
The black bear bites you but does no damage.
The black bear claws you but does no damage.
The black bear completely misses you. The hound closely misses you.
You barely miss the black bear. Your headbutt misses the black bear.
The black bear is heavily wounded.
You hit the hound. The hound barely misses you.
The black bear closely misses you.
The black bear claws you but does no damage. x2
The black bear bites you. The black bear closely misses you.
The black bear claws you but does no damage.
The hound barely misses you. You furiously retaliate!
You headbutt the hound. You slash the hound!
You kill the hound!
Trog accepts your kill.
You slash the black bear!
The black bear goes berserk!
You hit the black bear but do no damage.
The black bear is almost dead.
You slash the iguana! The black bear completely misses you.
The black bear claws you but does no damage.
The black bear claws you. The iguana closely misses you.
You furiously retaliate!
You headbutt the iguana.
You kill the iguana!
Trog accepts your kill.
The black bear bites you but does no damage.
The black bear claws you but does no damage.
The black bear claws you.
You barely miss the black bear. Your headbutt misses the black bear.
The black bear is almost dead.
You barely miss the sky beast. The black bear bites you.
The black bear claws you. x2; The sky beast hits you.
The sky beast shocks you.
You die...

.....#
###.#.# .#
#..# (#
#..# .
...#
#....#
.#..# ...#
..#####Yh#
.......@.#
..
##########
. . #


You could see a black bear (berserk) and a sky beast (invisible).

Vanquished Creatures
  An unseen horror (D:7)
  The ghost of qw the Chopper, a novice GrFi (D:5)
  Grinder (D:3)
  A yak (D:7)
  An acid dragon (D:7)
  An orc warrior (D:6)
  3 ice beasts
  A sky beast (D:7)
  2 black bears
  2 ogres (D:5)
  2 bullfrogs
  2 necrophages
  A gnoll sergeant (D:7)
  2 scorpions
  A wight (D:7)
  5 orc priests
  2 jellies (D:5)
  6 hounds
  Jessica (D:3)
  3 iguanas
  Natasha (thrice) (D:3)
  3 orc wizards
  5 gnolls (D:7)
  8 adders
  2 white imps (D:6)
  An ufetubus (D:6)
  A worm (D:5)
  A dart slug (D:4)
  11 orcs
  4 bats
  3 endoplasms
  3 giant cockroaches
  7 goblins
  2 hobgoblins (D:3)
  2 quokkas
  14 ball pythons
  2 frilled lizards
  8 kobolds
  9 rats
128 creatures vanquished.

Vanquished Creatures (others)
  3 fungi (D:3)
  10 plants
13 creatures vanquished.

Grand Total: 141 creatures vanquished

Notes
Turn   | Place    | Note
-------+----------+-------------------------------------------
     0 | D:1      | qw the Minotaur Berserker began the quest for the Orb.
     0 | D:1      | Reached XP level 1. HP: 19/19 MP: 0/0
     0 | D:1      | 0 ||| qw: Version: 0.1-a-103-gd6f5d3a
     0 | D:1      | 0 ||| qw: Game counter: 5523
     0 | D:1      | 0 ||| qw: Always use a shield: true
     0 | D:1      | 0 ||| qw: Do Orc after D:15 true
     0 | D:1      | 0 ||| qw: Do second Lair branch before Depths: true
     0 | D:1      | 0 ||| qw: Lair rune preference: random
     0 | D:1      | 0 ||| qw: Plans: Normal
     0 | D:1      | 0 ||| PLANNING D:1-11
   205 | D:1      | 205 ||| Stepping ~*~*~tactically~*~*~ (stealth).
   206 | D:1      | 206 ||| Stepping ~*~*~tactically~*~*~ (stealth).
   207 | D:1      | 207 ||| Stepping ~*~*~tactically~*~*~ (stealth).
   209 | D:1      | 209 ||| Stepping ~*~*~tactically~*~*~ (stealth).
   214 | D:1      | Reached skill level 4 in Axes
   307 | D:1      | Reached XP level 2. HP: 26/26 MP: 1/1
   485 | D:1      | Found a faded altar of an unknown god.
   556 | D:1      | 556 ||| UPGRADING to +0 swamp dragon scales.
   566 | D:1      | 566 ||| DROPPING +0 animal skin.
   567 | D:1      | 567 ||| UPGRADING to +0 pair of boots.
   572 | D:1      | 572 ||| UPGRADING to ring of see invisible.
   573 | D:1      | 573 ||| READING scroll labelled DUACAE TOWUROA.
   574 | D:1      | 574 ||| READING 2 scrolls labelled ASTAURINES.
   575 | D:1      | 575 ||| READING 2 scrolls labelled QYEFOB XEMUESU.
   579 | D:1      | 579 ||| READING scroll labelled MUXTOG LUKON.
   580 | D:1      | 580 ||| READING scroll labelled VAESTO PUXONGA.
   581 | D:1      | 581 ||| READING scroll labelled RUHAME QIMIO.
   582 | D:1      | 582 ||| READING scroll labelled ZETROJALIH.
   583 | D:1      | 583 ||| DRINKING 2 coppery potions.
   584 | D:1      | 584 ||| DRINKING 2 lumpy red potions.
   585 | D:1      | 585 ||| DROPPING potion of magic.
   814 | D:2      | Reached skill level 5 in Axes
   826 | D:2      | Reached ** piety under Trog
   827 | D:2      | Reached XP level 3. HP: 31/31 MP: 2/2
   877 | D:2      | Found Waogg's General Store.
   885 | D:2      | 885 ||| BUYING +0 cloak (49 gold).
   885 | D:2      | Bought a +0 cloak for 49 gold pieces
   885 | D:2      | 885 ||| SHOPLISTING potion of cancellation (88 gold, have
                  | 84).
   885 | D:2      | 885 ||| BUYING scroll of enchant weapon (82 gold).
   885 | D:2      | Bought a scroll of enchant weapon for 82 gold pieces
   885 | D:2      | 885 ||| SHOPLISTING scroll of identify (22 gold, have 2).
   885 | D:2      | 885 ||| READING scroll of enchant weapon.
   885 | D:2      | 885 ||| ENCHANTING +0 hand axe of freezing.
   911 | D:2      | Reached skill level 1 in Throwing
   941 | D:2      | Noticed a scorpion
   949 | D:2      | Killed a scorpion
   950 | D:2      | Reached skill level 6 in Axes
   950 | D:2      | Reached XP level 4. HP: 37/39 MP: 3/3
  1412 | D:2      | 1412 ||| UPGRADING to +0 cloak.
  1417 | D:2      | 1417 ||| DROPPING amulet of magic regeneration.
  1418 | D:2      | 1418 ||| READING scroll labelled DUJ DIYJ JUR.
  1419 | D:2      | 1419 ||| READING scroll labelled HUCSALL VEOC.
  1420 | D:2      | 1420 ||| READING scroll labelled KECRUF KUD MUI.
  1421 | D:2      | 1421 ||| DRINKING 3 smoky black potions.
  1422 | D:2      | 1422 ||| DROPPING 2 potions of degeneration.
  1503 | D:3      | 1503 ||| Stepping ~*~*~tactically~*~*~ (stealth).
  1519 | D:3      | 1519 ||| Stepping ~*~*~tactically~*~*~ (stealth).
  1522 | D:3      | Noticed Jessica
  1533 | D:3      | Killed Jessica
  1534 | D:3      | Reached XP level 5. HP: 44/45 MP: 4/4
  1585 | D:3      | Found Ehying's Magic Scroll Shoppe.
  1606 | D:3      | 1606 ||| SHOPLISTING scroll of brand weapon (123 gold, have
                  | 66).
  1606 | D:3      | 1606 ||| SHOPLISTING scroll of enchant armour (97 gold,
                  | have 66).
  1606 | D:3      | 1606 ||| BUYING scroll of identify (26 gold).
  1606 | D:3      | Bought a scroll of identify for 26 gold pieces
  1629 | D:3      | Found a blossoming altar of Fedhas.
  1639 | D:3      | Found a white marble altar of Elyvilon.
  1644 | D:3      | Reached skill level 7 in Axes
  1660 | D:3      | Noticed Grinder
  1660 | D:3      | Paralysed by Grinder for 5 turns
  1665 | D:3      | 1665 ||| Stepping ~*~*~tactically~*~*~ (hiding).
  1668 | D:3      | 1668 ||| INVOKING Trog's Hand.
  1669 | D:3      | 1669 ||| INVOKING Berserk.
  1684 | D:3      | Killed Grinder
  1685 | D:3      | Reached skill level 6 in Fighting
  1685 | D:3      | Reached XP level 6. HP: 43/57 MP: 5/5
  1853 | D:3      | 1853 ||| READING scroll of enchant armour.
  1853 | D:3      | 1853 ||| ENCHANTING +0 pair of boots.
  1901 | D:3      | Found an ancient bone altar of Kikubaaqudgha.
  1903 | D:3      | Noticed Natasha
  1904 | D:3      | 1904 ||| Stepping ~*~*~tactically~*~*~ (stealth).
  1907 | D:3      | 1907 ||| Stepping ~*~*~tactically~*~*~ (stealth).
  1908 | D:3      | 1908 ||| Stepping ~*~*~tactically~*~*~ (stealth).
  1911 | D:3      | 1911 ||| INVOKING Berserk.
  1915 | D:3      | Killed Natasha
  2058 | D:3      | Noticed Natasha
  2059 | D:3      | 2059 ||| Stepping ~*~*~tactically~*~*~ (stealth).
  2063 | D:3      | 2063 ||| INVOKING Berserk.
  2064 | D:3      | Killed Natasha
  2281 | D:3      | Noticed Natasha
  2283 | D:3      | 2283 ||| INVOKING Berserk.
  2285 | D:3      | Killed Natasha
  2431 | D:3      | 2431 ||| READING scroll labelled BIW BIGGIDDONEIWK.
  2432 | D:3      | 2432 ||| READING scroll labelled QUEJEIGIOP.
  2570 | D:3      | 2570 ||| DRINKING 2 fuming white potions.
  2571 | D:3      | 2571 ||| READING 3 scrolls of identify.
  2571 | D:3      | 2571 ||| IDENTIFYING fizzy black potion
  2572 | D:3      | 2572 ||| READING 2 scrolls of identify.
  2572 | D:3      | 2572 ||| IDENTIFYING metallic orange potion
  2573 | D:3      | 2573 ||| DROPPING potion of ambrosia.
  2578 | D:4      | 2578 ||| STAIRDANCE
  2580 | D:3      | 2580 ||| INVOKING Berserk.
  2689 | D:4      | 2689 ||| STAIRDANCE
  2758 | D:4      | 2758 ||| INVOKING Berserk.
  2760 | D:4      | Reached skill level 8 in Axes
  2761 | D:4      | Reached XP level 7. HP: 63/63 MP: 6/6
  2765 | D:4      | 2765 ||| STAIRDANCE
  2869 | D:4      | 2869 ||| Stepping ~*~*~tactically~*~*~ (hiding).
  2896 | D:4      | 2896 ||| Stepping ~*~*~tactically~*~*~ (stealth).
  2933 | D:4      | 2933 ||| Stepping ~*~*~tactically~*~*~ (stealth).
  2951 | D:4      | 2951 ||| Stepping ~*~*~tactically~*~*~ (stealth).
  3397 | D:4      | 3397 ||| STAIRDANCE
  3530 | D:4      | 3530 ||| SWAPPING to +0 war axe.
  3531 | D:4      | 3531 ||| DROPPING +1 hand axe of freezing.
  3609 | D:4      | 3609 ||| READING scroll labelled ZETANT PUTUQARGH.
  3610 | D:4      | 3610 ||| READING 2 scrolls of identify.
  3610 | D:4      | 3610 ||| IDENTIFYING blue potion
  3611 | D:4      | 3611 ||| DROPPING potion of berserk rage.
  3669 | D:5      | Entered Level 5 of the Dungeon
  3686 | D:5      | Reached skill level 9 in Axes
  3804 | D:5      | Reached skill level 3 in Armour
  3835 | D:5      | Found a runed translucent door.
  3839 | D:5      | Noticed qw's ghost (novice GrFi)
  3924 | D:5      | Found a runed translucent door.
  3955 | D:5      | 3955 ||| INVOKING Berserk.
  4008 | D:5      | 4008 ||| Stepping ~*~*~tactically~*~*~ (stealth).
  4009 | D:5      | 4009 ||| Stepping ~*~*~tactically~*~*~ (stealth).
  4017 | D:5      | 4017 ||| Stepping ~*~*~tactically~*~*~ (stealth).
  4018 | D:5      | 4018 ||| INVOKING Berserk.
  4021 | D:5      | Reached skill level 10 in Axes
  4143 | D:5      | 4143 ||| FLEEEEING.
  4144 | D:5      | 4144 ||| FLEEEEING.
  4145 | D:5      | 4145 ||| FLEEEEING.
  4146 | D:5      | 4146 ||| FLEEEEING.
  4147 | D:5      | 4147 ||| FLEEEEING.
  4148 | D:5      | 4148 ||| FLEEEEING.
  4149 | D:5      | 4149 ||| FLEEEEING.
  4150 | D:5      | 4150 ||| FLEEEEING.
  4151 | D:5      | 4151 ||| FLEEEEING.
  4152 | D:5      | 4152 ||| FLEEEEING.
  4157 | D:5      | 4157 ||| FLEEEEING.
  4158 | D:5      | 4158 ||| FLEEEEING.
  4159 | D:5      | 4159 ||| FLEEEEING.
  4160 | D:5      | 4160 ||| FLEEEEING.
  4161 | D:5      | 4161 ||| FLEEEEING.
  4176 | D:5      | 4176 ||| Stepping ~*~*~tactically~*~*~ (hiding).
  4180 | D:5      | 4180 ||| INVOKING Berserk.
  4182 | D:5      | Reached XP level 8. HP: 70/70 MP: 7/7
  4303 | D:5      | 4303 ||| INVOKING Berserk.
  4345 | D:5      | 4345 ||| Stepping ~*~*~tactically~*~*~ (stealth).
  4346 | D:5      | 4346 ||| Stepping ~*~*~tactically~*~*~ (stealth).
  4389 | D:5      | 4389 ||| FLEEEEING.
  4390 | D:5      | 4390 ||| FLEEEEING.
  4391 | D:5      | 4391 ||| FLEEEEING.
  4392 | D:5      | 4392 ||| FLEEEEING.
  4393 | D:5      | 4393 ||| FLEEEEING.
  4394 | D:5      | 4394 ||| FLEEEEING.
  4395 | D:5      | 4395 ||| FLEEEEING.
  4396 | D:5      | 4396 ||| FLEEEEING.
  4397 | D:5      | 4397 ||| FLEEEEING.
  4399 | D:5      | 4399 ||| FLEEEEING.
  4400 | D:5      | 4400 ||| FLEEEEING.
  4401 | D:5      | 4401 ||| FLEEEEING.
  4402 | D:5      | 4402 ||| FLEEEEING.
  4403 | D:5      | 4403 ||| FLEEEEING.
  4404 | D:5      | 4404 ||| FLEEEEING.
  4405 | D:5      | 4405 ||| FLEEEEING.
  4406 | D:5      | 4406 ||| FLEEEEING.
  4407 | D:5      | 4407 ||| FLEEEEING.
  4408 | D:5      | 4408 ||| FLEEEEING.
  4409 | D:5      | 4409 ||| FLEEEEING.
  4410 | D:5      | 4410 ||| FLEEEEING.
  4411 | D:5      | 4411 ||| FLEEEEING.
  4412 | D:5      | 4412 ||| FLEEEEING.
  4414 | D:5      | 4414 ||| FLEEEEING.
  4415 | D:5      | 4415 ||| FLEEEEING.
  4416 | D:5      | 4416 ||| FLEEEEING.
  4417 | D:5      | 4417 ||| FLEEEEING.
  4418 | D:5      | 4418 ||| FLEEEEING.
  4419 | D:5      | 4419 ||| FLEEEEING.
  4420 | D:5      | 4420 ||| FLEEEEING.
  4421 | D:5      | 4421 ||| FLEEEEING.
  4422 | D:5      | 4422 ||| FLEEEEING.
  4423 | D:5      | 4423 ||| FLEEEEING.
  4424 | D:5      | 4424 ||| STAIRDANCE
  4522 | D:4      | 4522 ||| READING scroll labelled RICLECL YKKUF.
  4523 | D:4      | 4523 ||| READING 2 scrolls of identify.
  4523 | D:4      | 4523 ||| IDENTIFYING bubbling purple potion
  4707 | D:5      | Found a snail-covered altar of Cheibriados.
  4708 | D:5      | 4708 ||| DRINKING 2 orange potions.
  4709 | D:5      | 4709 ||| DROPPING potion of attraction.
  4710 | D:5      | 4710 ||| READING 3 scrolls of teleportation.
  4724 | D:5      | 4724 ||| READING 2 scrolls of teleportation.
  4781 | D:5      | 4781 ||| READING scroll of teleportation.
  4880 | D:5      | 4880 ||| Stepping randomly (stuck).
  4881 | D:5      | 4881 ||| INVOKING Berserk.
  4888 | D:5      | Killed qw's ghost
  4889 | D:5      | Reached skill level 11 in Axes
  5001 | D:6      | 5001 ||| Stepping ~*~*~tactically~*~*~ (hiding).
  5005 | D:6      | 5005 ||| INVOKING Berserk.
  5131 | D:6      | Reached skill level 12 in Axes
  5208 | D:6      | 5208 ||| Stepping ~*~*~tactically~*~*~ (stealth).
  5209 | D:6      | 5209 ||| Stepping ~*~*~tactically~*~*~ (stealth).
  5213 | D:6      | 5213 ||| INVOKING Berserk.
  5624 | D:6      | 5624 ||| READING 2 scrolls of identify.
  5624 | D:6      | 5624 ||| IDENTIFYING glowing green potion
  5625 | D:6      | 5625 ||| DROPPING potion of lignification.
  5708 | D:7      | Reached skill level 3 in Dodging
  5709 | D:7      | Reached *** piety under Trog
  5710 | D:7      | Reached XP level 9. HP: 79/79 MP: 8/8
  5710 | D:7      | 5710 ||| INVOKING Berserk.
  5799 | D:7      | 5799 ||| Stepping ~*~*~tactically~*~*~ (hiding).
  5810 | D:7      | 5810 ||| INVOKING Berserk.
  6008 | D:7      | 6008 ||| DROPPING +0 whip.
  6046 | D:7      | Noticed an unseen horror
  6064 | D:7      | 6064 ||| INVOKING Berserk.
  6074 | D:7      | Killed an unseen horror
  6075 | D:7      | Reached skill level 13 in Axes
  6078 | D:7      | Reached skill level 3 in Throwing
  6319 | D:7      | 6319 ||| READING scroll of enchant weapon.
  6319 | D:7      | 6319 ||| ENCHANTING +0 war axe.
  6326 | D:7      | 6326 ||| INVOKING Berserk.
  6327 | D:7      | HP: 18/118 [acid dragon (12)]
  6334 | D:7      | HP: 10/118 [black bear (5)]
  6340 | D:7      | 6340 ||| READING scroll of teleportation.
  6341 | D:7      | 6341 ||| DRINKING 3 potions of heal wounds.
  6345 | D:7      | HP: 20/81 [hound (4)]
  6346 | D:7      | 6346 ||| DRINKING 2 potions of heal wounds.
  6351 | D:7      | HP: 16/77 [wight/+4 war axe (10)]
  6352 | D:7      | 6352 ||| DRINKING potion of heal wounds.
  6359 | D:7      | HP: 17/78 [black bear (5)]
  6360 | D:7      | HP: 7/79 [black bear (5)]
  6360 | D:7      | Slain by a sky beast

Levels and vault maps discovered:
D:1:      roderic_crossed_star, layout_rooms, ebering_ecumenical_altar_box,
          minmay_misc_feat_alley
D:2:      layout_basic, serial_shops, nicolae_shop_competitors_out_of_business,
          minmay_split_cup_small
D:3:      layout_rooms, fedhas_altar_3, mainiacjoe_overflow_alcove_4,
          nicolae_kikubaaqudgha_miasma_corner, serial_shops,
          nicolae_shop_crystal, uniq_natasha, uniq_jessica, uniq_grinder
D:4:      layout_basic
D:5:      layout_basic, cheibrodos_worm_habitat, ebering_ghost_sewer_f,
          glass_columns_a
D:6:      layout_rooms
D:7:      layout_basic, minmay_temple_entry_trees, minmay_shattered_shrine

Skill      XL: |  1  2  3  4  5  6  7  8  9 |
---------------+----------------------------+-----
Axes           | 4 5 6 7 8 10 12 13 | 13.6
Throwing       | 1 2 3 |  3.0
Fighting       | 6 7 8 |  8.0
Armour         | 3 4 |  4.0
Dodging        | 3 |  3.1

Action                   |  1- 3 |  4- 6 |  7- 9 || total
-------------------------+-------+-------+-------++-------
Melee: Hand axe          |    52 |    54 |    27 ||   133
       Headbutt          |     7 |     7 |    18 ||    32
       Punch             |       |     1 |     2 ||     3
       War axe           |       |       |   144 ||   144
Throw: Javelin           |     8 |    21 |    23 ||    52
       Boomerang         |       |       |     8 ||     8
Invok: Berserk           |       |     6 |    11 ||    17
       Trog's Hand       |       |     1 |       ||     1
  Use: Scroll            |     8 |     8 |    10 ||    26
       Potion            |     2 |     2 |     4 ||     8
Armor: Animal skin       |     4 |       |       ||     4
       Swamp dragon scal |    20 |    20 |    68 ||   108
Dodge: Dodged            |    26 |    40 |    95 ||   161

Table legend:
 A = Non-vault XP
 B = Vault XP
 C = Vault XP percentage of total XP
 D = Non-vault monster count
 E = Vault monster count
 F = Vault count percentage of total count
                 A         B        C        D         E       F
            +---------+---------+-------+---------+---------+-------
      Total |    2577 |    1838 |  41.6 |     107 |      21 |  16.4
            +---------+---------+-------+---------+---------+-------
        D:1 |      13 |       0 |   0.0 |      10 |       0 |   0.0
        D:2 |     141 |       4 |   2.8 |      17 |       3 |  15.0
        D:3 |     164 |     353 |  68.3 |      27 |       3 |  10.0
        D:4 |     217 |       0 |   0.0 |      12 |       0 |   0.0
        D:5 |     691 |     467 |  40.3 |      14 |       7 |  33.3
        D:6 |     643 |       0 |   0.0 |      13 |       0 |   0.0
        D:7 |     708 |    1014 |  58.9 |      14 |       8 |  36.4
            +---------+---------+-------+---------+---------+-------
